 Dungeon Crawl Stone Soup version 0.20.1-1-g8b1a95d66d (webtiles) character file.

354 NullDivider the Sneak (level 6, -1/41 HPs)
             Began as an Octopode Artificer on Dec 6, 2017.
             Slain by andriiy's ghost (11 damage)
             ... on level 4 of the Dungeon.
             The game lasted 00:13:14 (3655 turns).

NullDivider the Sneak (Octopode Artificer)          Turns: 3655, Time: 00:13:15

Health: -1/41      AC:  1    Str: 11    XL:     6   Next: 62%
Magic:  9/9        EV: 14    Int: 13    God:
Gold:   161        SH:  0    Dex: 10    Spells: 5/5 levels left

rFire    . . .     SeeInvis +   k - +1 dagger (speed)
rCold    . . .     Gourm    .   (no shield)
rNeg     . . .     Faith    .   (helmet restricted)
rPois    .         Spirit   .   (no amulet)
rElec    .         Reflect  .   r - -5 ring of dexterity (curse)
rCorr    .         Harm     .   j - ring of see invisible
MR       .....                  t - +3 ring of slaying
Stlth    ++++......             (no ring)
Regen    0.2/turn               (no ring)
MPRegen  0.2/turn               (no ring)
                                (no ring)
                                (no ring)

@: no status effects
A: almost no armour, stealthy swim, amphibious, 8 rings, constrict 8, camouflage
1, gelatinous body 1
a: no special abilities


You were on level 4 of the Dungeon.
You were not hungry.

You visited 1 branch of the dungeon, and saw 4 of its levels.

You collected 161 gold pieces.

Inventory:

Hand Weapons
 k - a +1 dagger of speed (weapon)
Jewellery
 j - a ring of see invisible (right tentacle)
 r - a cursed -5 ring of dexterity (left tentacle)
 t - a +3 ring of slaying (on tentacle)
Wands
 b - a wand of flame (0/48)
 c - a wand of enslavement (15/24)
 d - a wand of random effects (3/48)
Scrolls
 g - a scroll of noise
 h - a scroll of blinking
 l - a scroll of enchant armour
 p - 4 scrolls of teleportation
 q - a scroll of fog
 u - a scroll of immolation {unknown}
Potions
 e - a potion of resistance {unknown}
 i - a potion of lignification {unknown}
 m - a potion of flight {unknown}
 n - a potion of degeneration {unknown}
 o - a potion of heal wounds {unknown}
 s - a potion of brilliance {unknown}
Comestibles
 a - 8 chunks of flesh
 f - 2 bread rations
 v - 2 fruits


   Skills:
 + Level 2.8 Fighting
 + Level 2.8 Short Blades
 + Level 3.3 Dodging
 * Level 5.4 Stealth
 + Level 4.1 Evocations


You had 5 spell levels left.
You didn't know any spells.

Dungeon Overview and Level Annotations

Branches:
Dungeon (4/15)
 Temple: D:4-7

Altars:
Fedhas
Hepliaklqana

Annotations:
D:4 andriiy's ghost, amateur KoHu


Innate Abilities, Weirdness & Mutations

You cannot wear most types of armour.
You are very stealthy in the water. (Stealth+)
You are amphibious.
You can wear up to eight rings at the same time.
You can use your tentacles to constrict eight enemies at once.
Your skin changes colour to match your surroundings (Stealth+).
Your rubbery body absorbs attacks. (AC +1, EV +1)


Message History

This wand has 0 charges left.
Andriiy's ghost hits you.
* * * LOW HITPOINT WARNING * * *
Evoke which item? (* to show all) (? for menu, Esc to quit)
This wand has no charges.
Unknown command.
Evoke which item? (* to show all) (? for menu, Esc to quit)
Aiming: Random Effects
Press: ? - help, Shift-Dir - straight line, f/p - andriiy's ghost
Aim: andriiy's ghost (almost destroyed)
The puff of frost hits andriiy's ghost.
Andriiy's ghost is almost destroyed.
This wand has 4 charges left.
Andriiy's ghost closely misses you.
Evoke which item? (* to show all) (? for menu, Esc to quit)
Aiming: Random Effects
Press: ? - help, Shift-Dir - straight line, f/p - andriiy's ghost
Aim: andriiy's ghost (almost destroyed)
The puff of frost hits andriiy's ghost.
Andriiy's ghost is almost destroyed.
This wand has 3 charges left.
Andriiy's ghost hits you!
You die...

#.# #.# #.#
# #.# # #.#
# #.# # #.#
# #.# # #@#
####
#.?.W......
....
###.#?.....
####
#.###[.<.
#.# ... %..
.. ... .
...


You could see andriiy's ghost.

Vanquished Creatures
  The ghost of NullDivider the Sneak, an amateur OpAr (D:3)
  A crimson imp (D:3)
  Jessica (D:2)
  Natasha (D:2)
  An iguana (D:4)
  2 worker ants (D:4)
  6 adders
  3 worms
  A dart slug (D:2)
  2 leopard geckos (D:1)
  2 orcs (D:3)
  7 bats
  3 giant cockroaches
  6 goblins
  4 hobgoblins
  6 jackals
  7 kobolds
  2 ball pythons
  3 frilled lizards
  7 rats
66 creatures vanquished.

Notes
Turn   | Place    | Note
-------+----------+-------------------------------------------
     0 | D:1      | NullDivider the Octopode Artificer began the quest for the Orb.
     0 | D:1      | Reached XP level 1. HP: 13/13 MP: 3/3
   220 | D:1      | Reached skill level 2 in Stealth
   220 | D:1      | Reached XP level 2. HP: 10/18 MP: 4/4
  1162 | D:1      | Reached XP level 3. HP: 23/23 MP: 5/5
  1282 | D:2      | Reached skill level 3 in Stealth
  1755 | D:2      | Noticed Jessica
  1779 | D:2      | Killed Jessica
  1779 | D:2      | Reached XP level 4. HP: 18/29 MP: 6/6
  2096 | D:2      | Noticed Natasha
  2107 | D:2      | Killed Natasha
  2308 | D:2      | Found a blossoming altar of Fedhas.
  2310 | D:2      | Reached skill level 4 in Stealth
  2409 | D:2      | Reached XP level 5. HP: 24/34 MP: 7/7
  2486 | D:3      | Noticed NullDivider's ghost (amateur OpAr)
  2498 | D:3      | Killed NullDivider's ghost
  2753 | D:3      | Reached XP level 6. HP: 41/41 MP: 9/9
  3151 | D:3      | Got a translucent arbalest
  3152 | D:3      | Identified the +2 arbalest of Cowardice {penet, +Inv Str+4 Int-4 Stlth+} (You found it on level 3 of the Dungeon)
  3425 | D:4      | Found a hazy altar of Hepliaklqana.
  3435 | D:4      | Reached skill level 5 in Stealth
  3644 | D:4      | Noticed andriiy's ghost (amateur KoHu)
  3655 | D:4      | Slain by andriiy's ghost

Skill      XL: |  1  2  3  4  5  6 |
---------------+-------------------+-----
Stealth        | 2 3 4 5 |  5.4
Fighting       | 2 |  2.8
Short Blades   | 2 |  2.8
Evocations     | 4 |  4.1
Dodging        | 3 |  3.3

Action                   |  1- 3 |  4- 6 || total
-------------------------+-------+-------++-------
Melee: Short sword       |    55 |    15 ||    70
       Constrict         |    17 |    11 ||    28
       Tentacles         |    10 |     6 ||    16
       Dagger            |       |    63 ||    63
Evoke: Wand              |    11 |    16 ||    27
  Use: Scroll            |       |     5 ||     5
 Stab: Sleeping          |     8 |    15 ||    23
  Eat: Chunk             |     3 |     5 ||     8
Armor: Skin              |     4 |     6 ||    10
Dodge: Dodged            |    23 |    29 ||    52
